 Dungeon Crawl Stone Soup version 0.22-b1-26-g9dbaab1 (webtiles) character file.

19966 Doobh the Covert (level 13, -8/83 HPs)
             Began as a Kobold Assassin on Aug 7, 2018.
             Was a High Priest of Dithmenos.
             Collided with a rock wall (11 damage)
             ... caused by a deep elf mage
             ... on level 1 of the Elven Halls.
             The game lasted 01:27:32 (18061 turns).

Doobh the Covert (Kobold Assassin)                 Turns: 18061, Time: 01:27:32

Health: -8/83      AC:  7    Str:  8    XL:     13   Next: 8%
Magic:  13/13      EV: 23    Int: 12    God:    Dithmenos [*****.]
Gold:   83         SH:  0    Dex: 22    Spells: 12/12 levels left

rFire    . . .     SeeInvis +   q - +0 dagger (elec)
rCold    . . .     Gourm    .   (shield restricted)
rNeg     . . .     Faith    .   s - +3 leather armour "Hoimm" {rElec}
rPois    .         Spirit   .   l - +0 mask of the Dragon {MR+ Slay+3 SInv}
rElec    +         Reflect  .   d - +0 cloak
rCorr    .         Harm     .   (no gloves)
MR       +....                  (no boots)
Stlth    +++++++++.             (no amulet)
HPRegen  0.23/turn              (no ring)
MPRegen  0.13/turn              (no ring)

@: wreathed by umbra
A: small, carnivore
a: Shadow Step, Shadow Form, Renounce Religion


You were on level 1 of the Elven Halls.
You worshipped Dithmenos.
Dithmenos was extremely pleased with you.
You were very full.

You visited 3 branches of the dungeon, and saw 13 of its levels.
You also visited: Ossuary.

You collected 1646 gold pieces.
You spent 1563 gold pieces at shops.

Inventory:

Hand Weapons
 b - a +0 blowgun
 i - a +3 dagger of venom
 p - a +0 antimagic short sword
 q - a +0 dagger of electrocution (weapon)
 r - a +3 falchion
 u - a +1 hunting sling of freezing
Missiles
 e - 15 poisoned needles
 f - a curare-tipped needle
 k - 124 bolts
 v - 149 stones (quivered)
 C - 2 needles of confusion
Armour
 d - a +0 cloak (worn)
 l - the +0 mask of the Dragon (worn) {MR+ Slay+3 SInv}
   (You bought it in a shop on level 2 of the Orcish Mines)

   It affects your accuracy and damage with ranged weapons and melee attacks
   (+3).
   It affects your resistance to hostile enchantments.
   It lets you see invisible.
 s - the +3 leather armour "Hoimm" (worn) {rElec}
   (You bought it in a shop on level 8 of the Dungeon)

   It insulates you from electricity.
Wands
 w - a wand of polymorph (31)
 A - a wand of clouds (3)
 G - a wand of random effects (35)
Scrolls
 c - a scroll of fog
 o - 2 scrolls of remove curse
 B - a scroll of magic mapping
 F - a scroll of amnesia
 J - a scroll of brand weapon
Potions
 h - a potion of mutation {unknown}
 j - a potion of might {unknown}
 m - 2 potions of lignification {unknown}
 n - 2 potions of degeneration {unknown}
 z - 4 potions of flight
 E - 3 potions of brilliance
Comestibles
 g - 26 rations


   Skills:
 + Level 10.6 Fighting
 - Level 12.0 Short Blades
 - Level 10.0 Throwing
 + Level 3.1 Armour
 - Level 10.0 Dodging
 - Level 14.3 Stealth


You had 12 spell levels left.
You didn't know any spells.
Your spell library contained the following spells:

 Spells                   Type           Power        Failure   Level  Hunger
 Magic Dart               Conj           #...         43%         1    ##.....


Dungeon Overview and Level Annotations

Branches:
Dungeon (10/15)            Temple (0/1) D:6            Lair (0/6) D:9
    Orc (2/2) D:10            Elf (1/3) Orc:2

Altars:
Ashenzari
Cheibriados
Dithmenos
Kikubaaqudgha
Makhleb
Okawaru
Ru
Sif Muna
Trog
Uskayaw
Vehumet
Wu Jian
Yredelemnul
The Shining One
Beogh

Shops:
D:8 [   Orc:2 ([[%

Annotations:
Orc:2 3 runed doors, Fankur's ghost, journeyman GrFi


Innate Abilities, Weirdness & Mutations

You are small and have problems with some larger weapons.
You are carnivorous and can eat meat at any time.


Message History

The deep elf mage completely misses you.
You hit the deep elf mage.
The deep elf mage is heavily wounded.
You closely miss the deep elf mage.
The deep elf mage is heavily wounded.
The deep elf mage casts a spell at you. The orb of energy misses you.
The orb of energy explodes!
You hit the deep elf mage.
The deep elf mage is heavily wounded.
Your shadow hits the deep elf mage with a dagger.
All of the chunks of flesh in your inventory have rotted away.
You hit the deep elf mage.
Lightning courses through the deep elf mage!
The deep elf mage is almost dead.
The deep elf mage points at you and mumbles some strange words.
The lance of force hits you!
* * * LOW HITPOINT WARNING * * *
You are knocked back by the lance of force.
You slam into the rock wall!
You die...

## .#
#.# ..
#.# §§#
#####§#
..#§e§#
#.#@###
#)#§#
#.#.#
#.#.#
##...##
#.[...#
#...<.#
#.....#
#######


You could see a deep elf mage.

Vanquished Creatures
  Gastronok (D:9)
  Harold (D:7)
  Erolcha (D:9)
  A hydra (D:10)
  A two-headed ogre (Orc:1)
  4 orc high priests
  A deep elf knight (Elf:1)
  Pikel (D:6)
  2 orc sorcerers (Orc:2)
  A deep elf mage (Elf:1)
  Joseph (D:7)
  2 trolls
  A hornet (D:7)
  Prince Ribbit (D:6)
  Grinder (D:3)
  2 dream sheep (D:10)
  2 yaks (D:10)
  A wyvern (D:9)
  Eustachio (D:6)
  2 hungry ghosts (D:9)
  8 wargs
  Menkaure (D:7)
  2 water moccasins
  18 orc warriors
  An ice beast (D:5)
  2 black bears
  An eye of draining (D:10)
  A phantom (D:9)
  11 ogres
  5 centaurs
  4 big kobolds
  2 wyvern zombies
  3 bullfrogs
  A gnoll sergeant (D:8)
  A water moccasin zombie (D:7)
  A scorpion (D:6)
  3 howler monkeys
  4 wights (D:9)
  A crimson imp (D:6)
  A centaur zombie (Ossuary)
  4 hounds
  6 jellies
  29 orc priests
  2 human zombies (Ossuary)
  An iron imp (D:7)
  32 orc wizards
  2 centaur skeletons
  4 worker ants
  2 iguanas
  3 big kobold zombies (Ossuary)
  3 hound zombies
  Robin (D:2)
  3 mummies (Ossuary)
  2 hound skeletons (D:8)
  2 worker ant zombies
  4 gnolls (D:8)
  10 adders
  2 shadow imps
  An ooze (D:1)
  An adder skeleton (D:6)
  5 adder zombies (Ossuary)
  4 worms
  2 dart slugs (D:1)
  4 leopard geckos
  73 orcs
  7 bats
  7 giant cockroaches
  12 goblins
  7 hobgoblins
  6 jackals
  A quokka (D:5)
  A ball python skeleton (D:4)
  3 frilled lizards
  2 gnoll zombies (Ossuary)
  9 goblin zombies (Ossuary)
  3 hobgoblin zombies (Ossuary)
  4 jackal zombies (Ossuary)
  14 kobolds
  A kobold zombie (Ossuary)
  A leopard gecko skeleton (D:4)
  A leopard gecko zombie (D:5)
  2 quokka zombies (Ossuary)
  11 rats
  2 rat zombies (Ossuary)
  A spectral orc (D:5)
396 creatures vanquished.

Vanquished Creatures (others)
  4 slaves (D:6)
  An orc wizard (D:6)
  2 orcs
7 creatures vanquished.

Grand Total: 403 creatures vanquished

Notes
Turn   | Place    | Note
-------+----------+-------------------------------------------
     0 | D:1      | Doobh the Kobold Assassin began the quest for the Orb.
     0 | D:1      | Reached XP level 1. HP: 12/12 MP: 1/1
   390 | D:1      | Reached XP level 2. HP: 18/18 MP: 2/2
   633 | D:1      | Reached XP level 3. HP: 22/22 MP: 3/3
   908 | D:1      | Reached skill level 6 in Stealth
  1389 | D:2      | Reached XP level 4. HP: 27/27 MP: 4/4
  1729 | D:2      | Noticed Robin
  1737 | D:2      | Reached skill level 7 in Stealth
  1749 | D:2      | Killed Robin
  1757 | D:2      | Reached XP level 5. HP: 24/32 MP: 5/5
  1830 | D:2      | Found a shadowy altar of Dithmenos.
  1851 | D:2      | Became a worshipper of Dithmenos the Shadowed
  2643 | D:3      | Reached XP level 6. HP: 20/37 MP: 6/6
  2892 | D:3      | Reached * piety under Dithmenos
  2906 | D:3      | Noticed Grinder
  2930 | D:3      | Paralysed by Grinder for 4 turns
  3399 | D:4      | Reached skill level 5 in Short Blades
  3399 | D:4      | Reached skill level 8 in Stealth
  3601 | D:4      | Noticed an ogre
  3628 | D:4      | Killed an ogre
  3628 | D:4      | Reached XP level 7. HP: 41/41 MP: 7/7
  3710 | D:4      | Found an iron altar of Okawaru.
  4189 | D:5      | Entered Level 5 of the Dungeon
  4221 | D:5      | Reached skill level 9 in Stealth
  4256 | D:5      | Found a glowing golden altar of the Shining One.
  4332 | D:5      | Reached XP level 8. HP: 23/48 MP: 8/8
  4542 | D:5      | Reached ** piety under Dithmenos
  4550 | D:5      | Found a bloodstained altar of Trog.
  4556 | D:5      | Found a shattered altar of Ashenzari.
  4939 | D:5      | Found a basalt altar of Yredelemnul.
  5106 | D:6      | Reached skill level 10 in Stealth
  5343 | D:6      | Noticed Pikel
  5347 | D:6      | Noticed Eustachio
  5360 | D:6      | Killed Pikel
  5360 | D:6      | Reached skill level 5 in Dodging
  5360 | D:6      | Reached XP level 9. HP: 49/52 MP: 9/9
  5412 | D:6      | Killed Eustachio
  5412 | D:6      | Reached skill level 11 in Stealth
  5688 | D:6      | Noticed Prince Ribbit
  6004 | D:6      | Found a staircase to the Ecumenical Temple.
  6508 | D:6      | Killed Prince Ribbit
  6648 | D:7      | Noticed Joseph
  6656 | D:7      | Noticed Menkaure
  6696 | D:7      | Noticed a hornet
  6731 | D:7      | Found a sand-covered staircase.
  6735 | Ossuary  | Entered an ossuary
  6946 | Ossuary  | Reached *** piety under Dithmenos
  6962 | Ossuary  | Reached skill level 5 in Fighting
  7274 | D:7      | Found a radiant altar of Vehumet.
  7282 | D:7      | Identified Vehumet's Handbook of Conjuration
  7285 | D:7      | Found an ancient bone altar of Kikubaaqudgha.
  7286 | D:7      | Found a deep blue altar of Sif Muna.
  7675 | D:7      | Reached skill level 12 in Stealth
  7881 | D:7      | Killed a hornet
  8075 | D:8      | Reached XP level 10. HP: 60/60 MP: 10/10
  8198 | D:8      | Reached **** piety under Dithmenos
  8430 | D:8      | Reached skill level 5 in Throwing
  8503 | D:8      | Found Bolyesatuf's Antique Armour Boutique.
  8506 | D:8      | Bought a runed helmet for 210 gold pieces
  8506 | D:8      | Bought a smoking leather armour for 196 gold pieces
  8529 | D:8      | Identified the +3 leather armour "Hoimm" {rElec} (You bought it in a shop on level 8 of the Dungeon)
  8704 | D:8      | Found a burning altar of Makhleb.
  9119 | D:7      | Killed Menkaure
  9455 | D:7      | Noticed Harold
  9610 | D:7      | Killed Joseph
  9871 | D:7      | Killed Harold
  9871 | D:7      | Reached skill level 13 in Stealth
  9917 | D:7      | Found a snail-covered altar of Cheibriados.
 10395 | D:3      | Paralysed by Grinder for 4 turns
 10416 | D:3      | Paralysed by Grinder for 3 turns
 10424 | D:3      | Killed Grinder
 10563 | D:9      | Reached skill level 10 in Short Blades
 10563 | D:9      | Reached XP level 11. HP: 54/67 MP: 11/11
 10769 | D:9      | Found a sacrificial altar of Ru.
 10796 | D:9      | Noticed Erolcha
 10800 | D:9      | Killed Erolcha
 10990 | D:9      | Noticed Gastronok
 11001 | D:9      | Found a hide-covered altar of Uskayaw.
 11026 | D:9      | Found a staircase to the Lair.
 11677 | D:9      | Killed Gastronok
 11799 | D:9      | Found an ornate altar of the Wu Jian Council.
 11936 | D:10     | Entered Level 10 of the Dungeon
 12149 | D:10     | Found a staircase to the Orcish Mines.
 12656 | D:10     | Reached skill level 14 in Stealth
 12955 | D:10     | Reached ***** piety under Dithmenos
 13027 | D:10     | Noticed a three-headed hydra
 13031 | D:10     | Killed a three-headed hydra
 13031 | D:10     | Reached XP level 12. HP: 48/75 MP: 12/12
 13278 | Orc:1    | Entered Level 1 of the Orcish Mines
 13301 | Orc:1    | Found a roughly hewn altar of Beogh.
 13377 | Orc:1    | Noticed a two-headed ogre
 13600 | Orc:1    | Killed a two-headed ogre
 13900 | Orc:2    | Entered Level 2 of the Orcish Mines
 13941 | Orc:2    | Found a staircase to the Elven Halls.
 13943 | Orc:2    | Found a runed gate.
 13946 | Orc:2    | Found a runed gate.
 13947 | Orc:2    | Found a runed gate.
 13947 | Orc:2    | Noticed an orc warlord
 13948 | Orc:2    | Found an iron altar of Okawaru.
 13948 | Orc:2    | Noticed a merfolk impaler
 13948 | Orc:2    | Noticed a centaur warrior
 13948 | Orc:2    | Noticed Fankur's ghost (journeyman GrFi)
 13949 | Orc:2    | Noticed a naga warrior
 13967 | Orc:2    | Found a roughly hewn altar of Beogh.
 14131 | Orc:2    | Reached skill level 10 in Dodging
 14182 | Orc:2    | Found a roughly hewn altar of Beogh.
 14315 | Orc:2    | Noticed an orc warlord
 14341 | Orc:2    | Found Rasufeap's Antique Weapon Shoppe.
 14341 | Orc:2    | Found Loisuso's Food Emporium.
 14341 | Orc:2    | Found Ygump's Antique Armour Emporium.
 14341 | Orc:2    | Found Bakikeod's Antique Armour Shoppe.
 14342 | Orc:2    | Noticed an orc high priest
 14342 | Orc:2    | Noticed an orc high priest
 14342 | Orc:2    | Noticed an orc high priest
 14343 | Orc:2    | Noticed an orc high priest
 14344 | Orc:2    | Killed an orc high priest
 14746 | Orc:2    | HP: 1/76 [orc warrior/enchanted glaive (17)]
 16545 | Orc:2    | Noticed a soul eater
 16551 | Orc:2    | Killed an orc high priest
 16551 | Orc:2    | Reached skill level 1 in Armour
 16655 | Orc:2    | Reached skill level 10 in Fighting
 16933 | Orc:1    | Noticed a soul eater
 16944 | Orc:1    | Killed an orc high priest
 17628 | Orc:2    | Bought the +0 mask of the Dragon {MR+ Slay+3 SInv} for 901 gold pieces
 17628 | Orc:2    | Found the +0 mask of the Dragon {MR+ Slay+3 SInv}
 17628 | Orc:2    | Bought a pair of shimmering gloves for 256 gold pieces
 17645 | Orc:2    | Identified the -3 pair of gloves of Twilight {Int+4} (You bought it in a shop on level 2 of the Orcish Mines)
 17807 | Orc:2    | Killed an orc high priest
 17807 | Orc:2    | Reached XP level 13. HP: 63/83 MP: 13/13
 18035 | Elf:1    | Entered Level 1 of the Elven Halls
 18037 | Elf:1    | Reached skill level 10 in Throwing
 18061 | Elf:1    | HP: 3/83 [deep elf mage/lance of force (35)]
 18061 | Elf:1    | Collided with a rock wall

Skill      XL: |  1  2  3  4  5  6  7  8  9 10 11 12 13 |
---------------+----------------------------------------+-----
Short Blades   | 3 4 5 6 7 8 10 11 12 | 12.0
Stealth        | 6 7 8 9 10 12 13 14 | 14.3
Fighting       | 3 4 5 7 8 10 | 10.6
Dodging        | 2 3 5 6 8 9 10 | 10.0
Throwing       | 3 4 6 7 9 10 | 10.0
Armour         | 2 3 |  3.1

Action                   |  1- 3 |  4- 6 |  7- 9 | 10-12 | 13-15 || total
-------------------------+-------+-------+-------+-------+-------++-------
Melee: Dagger            |    44 |   146 |   413 |  1003 |    13 ||  1619
 Fire: Blowgun           |       |     5 |     9 |    28 |       ||    42
       Hunting sling     |       |       |       |     7 |       ||     7
Invok: Shadow Step       |       |       |       |     1 |       ||     1
  Use: Scroll            |     1 |     3 |    11 |    16 |       ||    31
       Potion            |       |       |     6 |     8 |       ||    14
 Stab: Sleeping          |    13 |     8 |    30 |    39 |     1 ||    91
       Distracted        |       |     1 |     4 |    13 |     1 ||    19
  Eat: Chunk             |    10 |     7 |     9 |    36 |       ||    62
Armor: Robe              |     5 |    22 |    23 |     1 |       ||    51
       Leather armour    |       |       |       |    46 |       ||    46
Dodge: Dodged            |    20 |    86 |   215 |   506 |     4 ||   831
